 Dungeon Crawl Stone Soup version 0.27.1-33-g824d729ab1 (webtiles) character file.

Game seed: 10332698728849994749

2313 Atelerd the Covert (level 9, 0/58 HPs)
             Began as an Octopode Earth Elementalist on Dec 22, 2021.
             Was a Believer of Sif Muna.
             Slain by an orc knight (11 damage)
             ... in a bailey.
             The game lasted 00:10:45 (7180 turns).

Atelerd the Covert (Octopode Earth Elementalist)    Turns: 7180, Time: 00:10:46

Health: 0/58       AC: 16    Str:  6 (7)  XL:     9   Next: 41%
Magic:  5/16       EV: 14    Int: 19 (20) God:    Sif Muna [**....]
Gold:   297        SH:  0    Dex: 11 (13) Spells: 13/18 levels left

rFire    . . .     SeeInvis .   c - +3 great sword (protect)
rCold    . . .     Faith    .   (shield currently unavailable)
rNeg     . . .     Spirit   .   (helmet restricted)
rPois    .         Reflect  .   (no amulet)
rElec    .         Harm     .   d - +4 ring of protection
rCorr    .         Rampage  .   w - +4 ring of protection
Will     .....                  z - +4 ring of slaying
Stlth    ++++++....             (no ring)
HPRegen  0.19/turn              (no ring)
MPRegen  0.15/turn              (no ring)
                                (no ring)
                                (no ring)

@: mighty, marked, under a protective aura, attractive, very slightly
contaminated
A: almost no armour, amphibious, 8 rings, camouflage 1, gelatinous body 1,
nimble swimmer 1, tentacles
a: Renounce Religion, Channel Magic


You were in a bailey.
You worshipped Sif Muna.
Sif Muna was pleased with you.
You visited 1 branch of the dungeon, and saw 8 of its levels.
You also visited: Sewer and Bailey.

You collected 297 gold pieces.

Inventory:

Hand Weapons
 c - a +3 great sword of protection (weapon)
 e - a +0 dagger
 C - a +1 dagger of flaming
Missiles
 b - 105 stones
Jewellery
 d - a +4 ring of protection (left tentacle)
 w - a +4 ring of protection (right tentacle)
 x - a ring of flight
 z - a +4 ring of slaying (on tentacle)
Scrolls
 a - a scroll of torment
 f - 2 scrolls of enchant armour
 h - 3 scrolls of teleportation
 i - a scroll of noise
 k - a scroll of amnesia
 q - a scroll of blinking
 v - a scroll of holy word
Potions
 j - a potion of cancellation {unknown}
 l - a potion of degeneration
 m - a potion of might
 r - 2 potions of curing
 s - a potion of heal wounds {unknown}
 t - a potion of magic {unknown}
 u - a potion of invisibility {unknown}
 A - a potion of mutation {unknown}


   Skills:
 - Level 4.0 Fighting
 - Level 5.0 Dodging
 - Level 8.0 Stealth
 - Level 5.0 Spellcasting
 - Level 2.0 Transmutations
 + Level 8.0 Earth Magic


You had 13 spell levels left.
You knew the following spells:

 Your Spells              Type           Power      Damage    Failure   Level
a - Sandblast             Erth           70%        2d15      1%          1
p - Petrify               Tmut/Erth      23%        N/A       16%         4

Your spell library contained the following spells:

 Spells                   Type           Power      Damage    Failure   Level
 Passwall                 Tmut/Erth      19%        N/A       2%          2
 Stone Arrow              Conj/Erth      40%        3d9       7%          3
 Wereblood                Tmut           12%        N/A       9%          2
 Freeze                   Ice            16%        1d4       12%         1
 Sublimation of Blood     Necr           2%         N/A       19%         2
 Leda's Liquefaction      Hex/Erth       10%        N/A       24%         4
 Call Canine Familiar     Summ           4%         N/A       36%         3
 Frozen Ramparts          Ice            8%         1d2       36%         3
 Portal Projectile        Hex/Tloc       8%         N/A       36%         3
 Airstrike                Air            2%         N/A       77%         4
 Hailstorm                Conj/Ice       4%         3d4       77%         4
 Summon Lightning Spire   Summ/Air       4%         N/A       77%         4
 Blade Hands              Tmut           6%         N/A       83%         5
 Irradiate                Conj/Tmut      4%         3d15      92%         5
 Lightning Bolt           Conj/Air       2%         1d13      98%         5
 Dragon Form              Tmut           6%         N/A       100%        7
 Summon Hydra             Summ           2%         N/A       100%        7


Dungeon Overview and Level Annotations

Branches:
Dungeon (9/15)              Sewer (visited)          Bailey (1/1)
 Temple: D:4-7         Lair: D:8-11         Orc: D:9-12

Altars:
Ashenzari
Gozag
Qazlal
Sif Muna
Vehumet

Shops:
D:5 (   D:8 *


Innate Abilities, Weirdness & Mutations

You cannot wear most types of armour.
You are amphibious.
You can wear up to eight rings at the same time.
Your skin changes colour to match your surroundings (Stealth+).
Your rubbery body absorbs attacks. (AC +1, EV +1)
You are camouflaged near water. (Stealth+)
You have tentacles for arms and can constrict up to eight enemies at once.


Message History

You closely miss the kobold.
Your attack snaps the kobold out of its fear.
You grab the kobold. You constrict the kobold.
The kobold hits you but does no damage. x2; The kobold throws a boomerang.
The boomerang closely misses you.
The kobold throws a boomerang.
The boomerang barely misses you. The kobold barely misses you.
The kobold completely misses you.
A kobold comes into view.
The orc knight roars a battlecry!
The orc knight goes into a battle-frenzy!
The kobold closely misses you.
You riposte.
You slash the kobold!
Your weapon exudes an aura of protection.
You kill the kobold!
Sif Muna accepts your kill. The kobold closely misses you.
A goblin comes into view. It is wielding a +0 hand axe.
The kobold closely misses you.
You riposte.
You slash the kobold!
You kill the kobold!
Sif Muna accepts your kill. The orc knight is pulled toward you!
The goblin is pulled toward you! x2
Unknown command.
Press: ? - help, v - describe, . - travel Some deep water.
Casting: Petrify (dangerous; 16% risk of failure)
Confirm with . or Enter, or press ? or * to list all spells.
Aiming: Sandblast (safe; 1% risk of failure)
Press: ? - help, Shift-Dir - straight line, f - kobold
Aim: a kobold, quivering boomerangs (heavily wounded, constricted by you, 98% to hit)
The blast of sand hits the kobold.
You kill the kobold!
Sif Muna accepts your kill. The goblin is pulled toward you!
The kobold is pulled toward you! The orc warrior is pulled toward you!
Unknown command.
Unknown command.
A goblin and 2 kobolds come into view.
The gnoll seems to regain its courage.
A kobold comes into view.
The orc knight hits you with a +0 war axe!
You die...

K≈.≈. ##≈g≈#
K≈.≈K ###≈.≈#
..≈.≈.
#'###≈g≈###K#
#....≈g≈K.K.#
#'###≈o@###'#
#....≈o≈KK..#
#'###≈.≈###'#
...≈K≈.
#'###≈o≈##
K≈g≈. ###o##
##.∩.##
#8...8#


You could see 2 orc knights, 2 orc warriors, a gnoll, 3 goblins and 10 kobolds.

Vanquished Creatures
  A yak (D:8)
  A water moccasin (D:6)
  2 ice beasts
  2 black bears (D:8)
  A necrophage (D:6)
  4 bullfrogs
  3 scorpions
  A wyvern zombie (D:6)
  A water moccasin zombie (D:5)
  A water moccasin skeleton (D:4)
  5 killer bees (D:8)
  4 wights (D:8)
  2 hounds
  A jelly (D:5)
  3 centaur skeletons
  2 orc priests (D:8)
  A bullfrog skeleton (D:5)
  3 iguanas
  An orc wizard (D:8)
  A hound skeleton (D:4)
  3 gnolls (D:2)
  6 adders
  3 river rats (D:4)
  An ufetubus (D:4)
  3 worms (D:2)
  A dart slug (D:5)
  13 orcs
  11 ball pythons
  3 bats
  8 endoplasms
  14 giant cockroaches
  10 goblins
  7 hobgoblins
  7 quokkas
  8 frilled lizards
  13 kobolds
  4 rats
155 creatures vanquished.

Vanquished Creatures (others)
  3 fungi (D:8)
  3 plants (D:8)
6 creatures vanquished.

Grand Total: 161 creatures vanquished

Notes
Turn   | Place    | Note
-------+----------+-------------------------------------------
     0 | D:1      | Atelerd the Octopode Earth Elementalist began the quest for
                  | the Orb.
     0 | D:1      | Reached XP level 1. HP: 11/11 MP: 3/3
   370 | D:1      | Reached XP level 2. HP: 17/17 MP: 3/5
  1187 | D:2      | Reached XP level 3. HP: 20/21 MP: 3/6
  1371 | D:2      | Reached XP level 4. HP: 6/27 MP: 1/7
  3319 | D:3      | Found a shimmering blue altar of Sif Muna.
  3356 | D:3      | Became a worshipper of Sif Muna the Loreminder
  3529 | D:3      | Reached XP level 5. HP: 31/31 MP: 6/9
  3536 | D:3      | Reached skill level 5 in Stealth
  3944 | D:4      | Found a glowing drain.
  4057 | Sewer    | Entered a sewer
  4102 | Sewer    | Reached * piety under Sif Muna
  4178 | Sewer    | Reached XP level 6. HP: 32/36 MP: 10/10
  4480 | D:4      | Found a broken altar of Ashenzari.
  4729 | D:4      | Reached XP level 7. HP: 41/41 MP: 10/12
  5242 | D:4      | Learned a level 4 spell: Petrify
  5321 | D:5      | Entered Level 5 of the Dungeon
  5556 | D:5      | Reached skill level 1 in Fighting
  5664 | D:5      | Found a radiant altar of Vehumet.
  5757 | D:5      | Found an opulent altar of Gozag.
  5826 | D:5      | Found Eteuneh's Firing Range.
  5885 | D:5      | Reached XP level 8. HP: 38/50 MP: 10/14
  5885 | D:5      | Reached ** piety under Sif Muna
  6132 | D:6      | Reached skill level 5 in Earth Magic
  6345 | D:6      | Found the +4 robe of Folly {Brilliance Will-∞ Int+8}
  6434 | D:6      | You fall into a shaft and drop 3 floors!
  6475 | D:8      | Found a stormy altar of Qazlal.
  6524 | D:8      | Noticed a yak
  6531 | D:8      | Reached skill level 5 in Dodging
  6537 | D:8      | Killed a yak
  6538 | D:8      | Reached skill level 5 in Spellcasting
  6538 | D:8      | Reached XP level 9. HP: 29/58 MP: 8/16
  6815 | D:8      | Found Ojaycud's Island Escapes.
  7049 | D:8      | Found a flagged portal.
  7054 | Bailey   | Entered a bailey
  7159 | Bailey   | Noticed an orc knight
  7171 | Bailey   | HP: 2/58 [orc knight (25)]
  7174 | Bailey   | Noticed an orc knight
  7180 | Bailey   | Slain by an orc knight

Illustrated notes

Levels and vault maps discovered:
D:1:      nagdon_arrival_zigzag_paths, layout_basic, grunt_decor_junction
D:2:      layout_basic, supply_closet_lemuel, grunt_ministairs_11,
          minmay_pentomino_r2
D:3:      wander_river, layout_basic, mainiacjoe_overflow_brackets,
          minmay_pentangle
D:4:      layout_gridville, mainiacjoe_overflow_concentric_impassable,
          portal_sewer_entry_a, nicolae_underground_beach
D:5:      layout_cave_pools, mainiacjoe_overflow_catwalk,
          nicolae_gozag_cash_rules_everything_around_me,
          nicolae_shop_firing_range
D:6:      layout_layer_cave, minmay_temple_entry_butterflies, nrook_campfire,
          minmay_splitting_lines, minmay_misc_feat_x
D:8:      layout_basic, nicolae_qazlal_general_emergency,
          grunt_lair_entry_orc_guard_hut, enter_bailey_3,
          minmay_misc_feat_plants, nicolae_island_escapes
D:9:      layout_small_grid, mainiacjoe_overflow_small_starburst
Bailey:   bailey_axe_1, bailey

Skill      XL: |  1  2  3  4  5  6  7  8  9 |
---------------+----------------------------+-----
Stealth        | 3 4 6 7 8 |  8.0
Transmutations | 2 |  2.0
Spellcasting   | 3 4 5 |  5.0
Earth Magic    | 4 6 8 |  8.0
Fighting       | 2 4 |  4.0
Dodging        | 3 5 |  5.0

Action                   |  1- 3 |  4- 6 |  7- 9 || total
-------------------------+-------+-------+-------++-------
Melee: Unarmed           |    14 |       |       ||    14
       Constrict         |     7 |    28 |    26 ||    61
       Dagger            |     7 |    62 |     2 ||    71
       Tentacles         |     1 |    12 |    16 ||    29
       Great sword       |       |    20 |    59 ||    79
 Cast: Sandblast         |    32 |    76 |    69 ||   177
       Petrify           |       |       |     3 ||     3
  Use: Scroll            |       |     4 |     8 ||    12
       Potion            |       |       |     5 ||     5
 Stab: Sleeping          |     2 |    10 |     2 ||    14
       Petrified         |       |       |     9 ||     9
       Petrifying        |       |       |     1 ||     1
Armor: Skin              |     1 |    29 |    88 ||   118
Dodge: Dodged            |    19 |    86 |   110 ||   215
       Rpst.: Great sword |       |     5 |    35 ||    40
